 Dungeon Crawl Stone Soup version 0.20.1-1-g8b1a95d (webtiles) character file.

8 vatarom the Caller (level 2, 0/21 HPs)
             Began as a Demonspawn Summoner on Oct 10, 2017.
             Slain by a leopard gecko (4 damage)
             ... on level 1 of the Dungeon.
             The game lasted 00:01:19 (1044 turns).

vatarom the Caller (Demonspawn Summoner)            Turns: 1044, Time: 00:01:19

Health: 0/21       AC:  4    Str:  8    XL:     2   Next: 0%
Magic:  1/5        EV: 12    Int: 16    God:
Gold:   6          SH:  0    Dex: 13    Spells: 4/5 levels left

rFire    . . .     SeeInvis .   (no weapon)
rCold    . . .     Gourm    .   (no shield)
rNeg     . . .     Faith    .   a - +0 robe
rPois    .         Spirit   .   (no helmet)
rElec    .         Reflect  .   (no cloak)
rCorr    .         Harm     .   (no gloves)
MR       .....                  (no boots)
Stlth    ++........             (no amulet)
Regen    0.1/turn               (no ring)
MPRegen  0.1/turn               (no ring)

@: very slightly contaminated
A: molten scales 1
a: no special abilities


You were on level 1 of the Dungeon.
You were hungry.

You visited 1 branch of the dungeon, and saw 2 of its levels.

You collected 6 gold pieces.

Inventory:

Armour
 a - a +0 robe (worn)
Scrolls
 d - a scroll of fog
 e - a scroll of identify {unknown}
Books
 b - a book of Callings

   Spells                             Type                      Level
   a - Summon Small Mammal            Summoning                    1
   b - Call Imp                       Summoning                    2
   c - Call Canine Familiar           Summoning                    3
   d - Summon Guardian Golem          Hexes/Summoning              3
   e - Summon Lightning Spire         Summoning/Air                4
   f - Summon Ice Beast               Ice/Summoning                4
Comestibles
 c - 3 bread rations
 f - a royal jelly
 g - a chunk of flesh


   Skills:
 * Level 1.1 Fighting
 - Level 1.7 Dodging
 - Level 1.7 Stealth
 + Level 2.1 Spellcasting
 * Level 4.0 Summonings


You had 4 spell levels left.
You knew the following spells:

 Your Spells              Type           Power        Failure   Level  Hunger
a - Summon Small Mammal   Summ           ##..         3%          1    #......


Dungeon Overview and Level Annotations

Branches:
Dungeon (2/15)

Altars:

Annotations:
D:2 Sigmund


Innate Abilities, Weirdness & Mutations

You are partially covered in molten scales. (AC +2)


Message History

Confirm with . or Enter, or press ? or * to list all spells.
Your bat misses the leopard gecko. The leopard gecko bites you.
Unknown command.
You swap places.
Your bat hits the leopard gecko.
Your quokka barely misses the leopard gecko.
Unknown command.
Your bat hits the leopard gecko. The leopard gecko bites you.
* * * LOW HITPOINT WARNING * * *
Your quokka barely misses the leopard gecko.
The leopard gecko bites you.
* * * LOW HITPOINT WARNING * * *
Unknown command.
Unknown command.
Unknown command.
You completely miss the leopard gecko.
The leopard gecko is heavily wounded.
Your bat misses the leopard gecko. Your quokka misses the leopard gecko.
Your rat closely misses the leopard gecko.
The leopard gecko bites you.
You die...

######## #......#######
#######......#.....#
#####....##......#.....#
#######........##......#.....#
...............##............####
#######........##............##..
#.......#....r#>..........###..#
#.#####.#.....l@#####.....##..##
#.#...#.#..b.r......>........##.
##.#.###.#.#.....#####.....####(.
.#.#.....#.#.....#..........##...
.#.......#.#####.#.....####.##...
.#.........#####.#.....# #.#....
.##...........##.#.....####.#...#
...........(..+..........##.#...#
###...........##.........##.#...#


You could see a leopard gecko, a friendly quokka, a friendly bat and a friendly
rat.

Vanquished Creatures
  A bat (D:1)
  A goblin (D:1)
  A frilled lizard (D:1)
3 creatures vanquished.

Vanquished Creatures (collateral kills)
  A leopard gecko (D:1)
  A giant cockroach (D:2)
  A goblin (D:1)
  A bat (D:1)
  2 rats
6 creatures vanquished.

Grand Total: 9 creatures vanquished

Notes
Turn   | Place    | Note
-------+----------+-------------------------------------------
     0 | D:1      | vatarom the Demonspawn Summoner began the quest for the Orb.
     0 | D:1      | Reached XP level 1. HP: 13/13 MP: 3/3
   529 | D:1      | Reached skill level 1 in Fighting
   869 | D:2      | Gained mutation: You are partially covered in molten scales. (AC +2) [demonic ancestry]
   869 | D:2      | Reached XP level 2. HP: 19/21 MP: 1/5
   876 | D:2      | Noticed Sigmund
  1044 | D:1      | Slain by a leopard gecko

Skill      XL: |  1 |
---------------+----+-----
Fighting       | 1 |  1.1
Dodging        | |  1.7
Stealth        | |  1.7
Spellcasting   | |  2.1
Summonings     | |  4.0

Action                   || total
-------------------------++-------
Melee: Unarmed           ||    30
 Cast: Summon Small Mamm ||    14
  Use: Scroll            ||     3
 Stab: Sleeping          ||     2
Armor: Robe              ||     6
Dodge: Dodged            ||    22
